 Dungeon Crawl Stone Soup version 0.30-a0-23-ge60ba3568b (webtiles) character file.

Game seed: 3485371180325512096

515 Sabo the Digger (level 7, 0/52 HPs)
             Began as a Ghoul Earth Elementalist on Aug 25, 2022.
             Was an Initiate of Gozag.
             Slain by a lemure (2 damage)
             ... led by Pikel
             ... on level 5 of the Dungeon.
             The game lasted 00:34:41 (7041 turns).

Sabo the Digger (Ghoul Earth Elementalist)          Turns: 7041, Time: 00:34:45

Health: 0/52       AC:  3    Str: 12    XL:     7   Next: 20%
Magic:  9/11       EV: 12    Int: 12    God:    Gozag
Gold:   620        SH:  0    Dex:  9    Spells: 12/13 levels left

rFire   . . .      SeeInvis .    l - +3 short sword (protect)
rCold   + . .      Faith    .    (no shield)
rNeg    + + +      Spirit   .    a - +0 robe
rPois   ∞          Reflect  .    d - +0 helmet
rElec   .          Harm     .    (no cloak)
rCorr   .          Rampage  .    (no gloves)
Will    .....                    (no boots)
Stlth   ++........               (no amulet)
HPRegen 0.00/turn                (no ring)
MPRegen 0.12/turn                (no ring)

@: inhibited regen
A: claws 1, cold resistance 1, negative energy resistance 3, inhibited
regeneration, torment resistance 2, devour on kill
a: Renounce Religion, Potion Petition, Call Merchant, Bribe Branch


You were on level 5 of the Dungeon.
You worshipped Gozag.
Gozag was pleased with you.
You visited 1 branch of the dungeon, and saw 5 of its levels.

You collected 620 gold pieces.

Inventory:

Hand Weapons
 i - a +0 sling
 l - a +3 short sword of protection (weapon)
Missiles
 m - a throwing net
 s - 3 poisoned darts (quivered)
Armour
 a - a +0 robe (worn)
 d - a +0 helmet (worn)
Wands
 r - a wand of polymorph (15)
Scrolls
 e - 2 scrolls of teleportation
 f - a scroll of poison
 j - a scroll of amnesia
 k - a scroll of enchant armour {unknown}
 t - a scroll of noise {unknown}
Potions
 b - 3 potions of magic
 c - a potion of invisibility {unknown}
 g - a potion of cancellation {unknown}
 h - 4 potions of mutation {unknown}
 n - 3 potions of degeneration {unknown}
 o - 4 potions of heal wounds {unknown}
 p - a potion of brilliance {unknown}
 q - a potion of attraction {unknown}


   Skills:
 + Level 1.0 Fighting
 + Level 1.5 Short Blades
 + Level 0.6 Maces & Flails
 + Level 2.5 Dodging
 + Level 3.1 Stealth
 + Level 3.8 Spellcasting
 + Level 0.8 Transmutations
 + Level 6.0 Earth Magic


You had 12 spell levels left.
You knew the following spells:

 Your Spells              Type           Power      Damage    Failure   Level
a - Sandblast             Erth           32%        2d9       1%          1

Your spell library contained the following spells:

 Spells                   Type           Power      Damage    Failure   Level
 Passwall                 Tmut/Erth      8%         N/A       9%          2
 Stone Arrow              Conj/Erth      18%        3d8       21%         3
 Petrify                  Tmut/Erth      10%        N/A       47%         4
 Ignite Poison            Fire/Tmut/Pois 3%         N/A       52%         3
 Conjure Flame            Conj/Fire      2%         6-21      56%         3
 Dazzling Flash           Conj/Hex       4%         N/A       56%         3
 Sticky Flame             Conj/Fire      2%         2d3       92%         4
 Agony                    Necr           2%         N/A       99%         5
 Irradiate                Conj/Tmut      1%         3d12      99%         5
 Metabolic Englaciation   Hex/Ice        1%         N/A       99%         5
 Silence                  Hex/Air        1%         N/A       99%         5
 Sublimation of Blood     Necr           Unusable   N/A       N/A         2
 Statue Form              Tmut/Erth      Unusable   N/A       N/A         6

Dungeon Overview and Level Annotations

Branches:
Dungeon (5/15)
 Temple: D:4-7

Altars:
Dithmenos
Gozag
Ru
Xom
Yredelemnul

Annotations:
D:5 Pikel


Innate Abilities, Weirdness & Mutations

You are immune to poison.
You have sharp fingernails.
Your flesh is cold resistant. (rC+)
You are immune to negative energy. (rN+++)
You do not regenerate when monsters are visible.
You are immune to unholy pain and torment.
You thrive by killing the living.


Message History

* * * LOW HITPOINT WARNING * * *
The necrophage hits you.
* * * LOW HITPOINT WARNING * * *
You hit the scorpion but do no damage.
The scorpion is lightly wounded.
The scorpion misses you. The necrophage barely misses you.
You closely miss the scorpion.
The scorpion is lightly wounded.
The scorpion closely misses you. The necrophage hits you.
* * * LOW HITPOINT WARNING * * *
As you read the scroll of teleportation, it crumbles to dust.
You feel strangely unstable. The scorpion completely misses you.
The necrophage hits you but does no damage.
The scorpion stings you.
* * * LOW HITPOINT WARNING * * *
The scorpion stings you but does no damage.
The necrophage attacks as you move away!
The necrophage hits you but does no damage.
Your surroundings suddenly seem different. 2 lemures and a black bear come into view.
Found a curved bone wand.
The lemure shouts!
You hear a shout! x2
Casting: Sandblast (safe; 1% risk of failure)
Confirm with . or Enter, or press ? or * to list all spells.
Aiming: Sandblast (safe; 1% risk of failure)
Press: ? - help, Shift-Dir - straight line, f - lemure
Aim: a lemure (77% to hit)
The blast of sand hits the lemure.
The lemure is moderately wounded.
Casting: Sandblast (safe; 1% risk of failure)
Confirm with . or Enter, or press ? or * to list all spells.
Aiming: Sandblast (safe; 1% risk of failure)
Press: ? - help, Shift-Dir - straight line, f/p - lemure
Aim: a lemure (moderately wounded, 77% to hit)
The blast of sand hits the lemure.
The lemure is moderately wounded.
Pikel, Merchant of Souls comes into view.
He is wielding a +2 whip of flaming.
The lemure hits you.
You die...
Your body crumbles into a pile of gold.

$ ##+#
#@.######
##.55....#
##.........
#......../K
.h.......###...
########## .# .


You could see Pikel and 2 lemures.

Vanquished Creatures
  An ogre (D:5)
  A phantom (D:5)
  2 hounds
  A gnoll bouda (D:4)
  2 iguanas
  9 gnolls (D:4)
  5 adders
  A dart slug (D:3)
  2 orcs
  7 endoplasms
  3 giant cockroaches (D:1)
  14 goblins
  11 hobgoblins
  5 jackals
  3 kobolds
  4 quokkas
  5 ball pythons
  8 bats
  2 frilled lizards
  5 rats
91 creatures vanquished.

Notes
Turn   | Place    | Note
-------+----------+-------------------------------------------
     0 | D:1      | Sabo the Ghoul Earth Elementalist began the quest for the
                  | Orb.
     0 | D:1      | Reached XP level 1. HP: 14/14 MP: 2/2
   353 | D:1      | Reached XP level 2. HP: 20/20 MP: 0/3
   941 | D:1      | Reached skill level 4 in Earth Magic
  1015 | D:1      | Reached XP level 3. HP: 26/26 MP: 1/5
  2597 | D:2      | Found a faded altar of an unknown god.
  2673 | D:2      | Prayed at the altar of an unknown god.
  2673 | D:2      | Became a worshipper of Gozag Ym Sagoz the Greedy
  2768 | D:2      | Reached XP level 4. HP: 31/33 MP: 6/6
  2858 | D:2      | Found a sacrificial altar of Ru.
  3050 | D:3      | Found an opulent altar of Gozag.
  4256 | D:3      | Found a shimmering altar of Xom.
  4256 | D:3      | Found a basalt altar of Yredelemnul.
  4256 | D:3      | Found a shadowy altar of Dithmenos.
  4489 | D:3      | Reached XP level 5. HP: 38/38 MP: 4/8
  5661 | D:4      | Reached skill level 5 in Earth Magic
  5763 | D:4      | Reached XP level 6. HP: 25/46 MP: 5/9
  6348 | D:5      | Entered Level 5 of the Dungeon
  6362 | D:5      | Reached skill level 1 in Short Blades
  6590 | D:5      | Found a sacrificial altar of Ru.
  6802 | D:5      | Reached XP level 7. HP: 23/51 MP: 8/11
  7013 | D:5      | Reached skill level 1 in Fighting
  7013 | D:5      | Reached skill level 6 in Earth Magic
  7034 | D:5      | HP: 2/52 [scorpion (1)]
  7041 | D:5      | Noticed Pikel
  7041 | D:5      | Slain by a lemure

Illustrated notes

Levels and vault maps discovered:
D:1:      dpeg_cavernosity, layout_basic, minivault_5
D:2:      layout_basic, basic_ecumenical_altar, basic_altar
D:3:      layout_basic, gammafunk_temple_overflow_forgotten,
          mainiacjoe_overflow_concentric_impassable,
          minmay_randomly_rotated_circles
D:4:      layout_rooms
D:5:      layout_gridville, bloody_trog, lemuel_round_altar,
          amethyst_overflow_temple_binary, serial_shops, shop, st_stairs_14,
          uniq_pikel

Skill      XL: |  1  2  3  4  5  6  7 |
---------------+----------------------+-----
Spellcasting   | 2 3 |  3.8
Earth Magic    | 4 5 6 |  6.0
Dodging        | 2 |  2.5
Stealth        | 3 |  3.1
Short Blades   | 1 |  1.5
Fighting       | 1 |  1.0
Maces & Flails | |  0.6
Transmutations | |  0.8

Action                   |  1- 3 |  4- 6 |  7- 9 || total
-------------------------+-------+-------+-------++-------
Melee: Unarmed           |    11 |       |       ||    11
       Dagger            |    25 |       |       ||    25
       Mace              |     9 |    10 |       ||    19
       Short sword       |       |    83 |    32 ||   115
       Punch             |       |       |     1 ||     1
 Cast: Sandblast         |    58 |    84 |     4 ||   146
  Use: Scroll            |     1 |     5 |     1 ||     7
 Stab: Distracted        |       |     1 |       ||     1
Armor: Robe              |    20 |    39 |    22 ||    81
Dodge: Dodged            |    53 |    97 |    36 ||   186

Table legend: (Time is in decaauts)
 A = Elapsed time spent in this place.
 B = Non-inter-level travel time spent in this place.
 C = Inter-level travel time spent in this place.
 D = Time resting spent in this place.
 E = Time spent auto-exploring this place.
 F = Levels seen in this place.
 G = Mean time per level.
                   A        B        C        D        E       F      G
               +--------+--------+--------+--------+--------+-----+--------+
         Total |   7125 |   7125 |      0 |   2676 |      0 |   5 | 1425.0 |
       Dungeon |   7125 |   7125 |      0 |   2676 |      0 |   5 | 1425.0 |
               +--------+--------+--------+--------+--------+-----+--------+

Top non-repeatable levels by time:
     D:1: 1991 daAuts
     D:4: 1704 daAuts
     D:3: 1689 daAuts
     D:2: 1038 daAuts
     D:5: 701 daAuts
